cohdb
Replays
Latest Replays
All Replays
Popular Replays
Top Player Replays
Match Explorer
How It Works
Community
CoH3 Stats
Reddit
Sign in to upload your games and track your stats! →
Sign in with Steam
Match 46916959
Unlisted
Match 46916959
Overview
Messages
Build Orders
End
Construct Section Command Post
Infantry Section
Infantry Section
Dingo Light Scout Car
Infantry Section
Construct Platoon Command Post
Humber Armored Car
Selects Australian Defense Battlegroup
Selects Australian Light Infantry Section
Selects 2-pounder Anti-tank Gun Team
Infantry Section
Humber Armored Car
Infantry Section
Infantry Section
Grenade Package
Construct Company Command Post
Matilda II Heavy Tank
2-pounder Anti-tank Gun Team
Unlock Bishop Self-propelled Artillery
Niss
Minimizen
JINYOUNG
nub
CAuMOH
[82AD] Janko
0
0
Comments
sign in to comment!
No comments posted yet!